 Dungeon Crawl Stone Soup version 0.19-a0-1903-gead39cf (webtiles) character file.

2895 GlassEater the Spear-Bearer (level 9, -9/73 HPs)
             Began as a Merfolk Fighter on Oct 20, 2016.
             Was a Follower of Ashenzari.
             Mangled by a red ugly thing (17 damage)
             ... on level 7 of the Dungeon.
             The game lasted 00:17:15 (10645 turns).

GlassEater the Spear-Bearer (Merfolk Fighter)      Turns: 10645, Time: 00:17:16

Health: -9/73      AC:  5    Str: 16    XL:     9   Next: 77%
Magic:  18/18      EV: 18    Int:  7    God:    Ashenzari [*.....]
Gold:   250        SH:  6    Dex: 17    Spells: 0 memorised, 8 levels left

rFire  . . .     SeeInvis .     a - +0 trident (curse)
rCold  . . .     Gourm    .     z - +0 robe (curse)
rNeg   + + .     Faith    .     m - +0 buckler
rPois  .         Spirit   .     F - +0 helmet
rElec  .         Reflect  .     (no cloak)
rCorr  .         Harm     .     G - +0 pair of gloves
MR     .....                    B - +0 pair of boots
Stlth  ++........               (no amulet)
                                r - ring of positive energy
                                u - ring of Gaeragam {rN+ MP+9}

@: no status effects
A: change form in water, swift swim, stealthy swim
a: Curse Item, Scrying, Renounce Religion


You were on level 7 of the Dungeon.
You worshipped Ashenzari.
Ashenzari was aware of your devotion.
You were hungry.

You visited 1 branch of the dungeon, and saw 7 of its levels.

You collected 250 gold pieces.

Inventory:

Hand Weapons
 a - a cursed +0 trident (weapon)
Missiles
 h - 8 tomahawks
 s - 199 stones (quivered)
 E - a throwing net
Armour
 c - a +0 shield
 m - a +0 buckler (worn)
 p - a +0 large shield
 z - a cursed +0 robe (worn)
 B - a +0 pair of boots (worn)
 F - a +0 helmet (worn)
 G - a +0 pair of gloves (worn)
Jewellery
 r - a ring of positive energy (right hand)
 u - the ring of Gaeragam (left hand) {rN+ MP+9}
   (You found it on level 4 of the Dungeon)

   [ring of magical power]

   It protects you from negative energy.
   It affects your magic capacity (+9).
Wands
 C - a wand of slowing (20/48)
 I - a wand of enslavement (9/24)
 J - a wand of confusion (13/48)
Scrolls
 b - 2 scrolls of fog
 e - a scroll of enchant armour {unknown}
 k - 4 scrolls of teleportation
 o - 2 scrolls of noise {unknown}
 q - a scroll of random uselessness {unknown}
 v - 2 scrolls of magic mapping
 w - a scroll of recharging {unknown}
 y - a scroll of amnesia {unknown}
 H - a scroll of remove curse
 K - a scroll of immolation {unknown}
 M - a scroll of identify
Potions
 d - 2 potions of might
 g - a potion of haste
 i - 2 potions of heal wounds
 j - a potion of curing
 t - 2 potions of mutation
 x - 2 potions of ambrosia
 D - 2 potions of lignification {unknown}
Books
 A - a book of Misfortune

   Spells                             Type                      Level
   a - Confusing Touch                Hexes                        1
   b - Confuse                        Hexes                        3
   c - Gell's Gravitas                Hexes/Translocation          3
   d - Petrify                        Transmutation/Earth          4
   e - Metabolic Englaciation         Hexes/Ice                    5
   f - Yara's Violent Unravelling     Hexes/Transmutation          5
Comestibles
 f - 4 bread rations
 l - a meat ration
 n - 4 slices of pizza
 L - a royal jelly
 N - 4 fruits


   Skills:
 * Level 7.6 Fighting
 * Level 10.2 Polearms
 - Level 0.4 Throwing
 - Level 2.1 Armour
 * Level 8.2 Dodging
 * Level 7.3 Shields


You had 8 spell levels left.
You didn't know any spells.

Dungeon Overview and Level Annotations

Branches:
Dungeon (7/15)             Temple (0/1) D:6

Altars:
Ashenzari
Cheibriados
Makhleb
Trog
Vehumet
Xom


Message History

The red ugly thing is moderately wounded.
The red ugly thing barely misses you.
You completely miss the red ugly thing.
The red ugly thing is moderately wounded.
You block the red ugly thing's attack.
You hit the red ugly thing but do no damage.
The red ugly thing is moderately wounded.
The red ugly thing gores you!
You are engulfed in flames!
* * * LOW HITPOINT WARNING * * *
You puncture the red ugly thing!
The red ugly thing is heavily wounded.
You hit the red ugly thing.
The red ugly thing is heavily wounded.
The red ugly thing closely misses you.
You hit the red ugly thing.
The red ugly thing is severely wounded.
The red ugly thing gores you!
* * * LOW HITPOINT WARNING * * *
You are engulfed in flames!
You die...

######.# #.......#..#...
#......# #.......#..#...
#.....(###.......#.##...
#......(................
##########...#####.####.
#.........# #.# #.
#.........## ### #.
#............. .
#...@.........
####u##........
............
.......#####. #
......... # ...........
.## ..........# ..
#..........# # #


You could see a red ugly thing.

Vanquished Creatures
  The ghost of Manman the Cleaver, a novice MiBe of Trog (D:7)
  Edmund (D:6)
  A black bear (D:6)
  2 sky beasts
  4 ogres
  3 phantoms
  5 centaurs
  4 scorpions
  A howler monkey (D:4)
  A crimson imp (D:4)
  A bullfrog zombie (D:7)
  3 hounds
  2 orc priests
  2 centaur skeletons
  A bullfrog skeleton (D:5)
  5 orc wizards
  An iguana (D:6)
  3 worker ants
  A howler monkey zombie (D:5)
  A worker ant zombie (D:6)
  7 gnolls
  13 adders
  2 shadow imps
  An adder skeleton (D:5)
  A worm (D:6)
  A dart slug (D:3)
  3 leopard geckos
  22 orcs
  4 giant cockroaches
  18 goblins
  11 hobgoblins
  14 jackals
  2 quokkas
  A ball python (D:3)
  11 bats
  5 frilled lizards
  A jackal skeleton (D:5)
  7 kobolds
  A leopard gecko skeleton (D:4)
  6 rats
174 creatures vanquished.

Notes
Turn   | Place    | Note
-------+----------+-------------------------------------------
     0 | D:1      | GlassEater the Merfolk Fighter began the quest for the Orb.
     0 | D:1      | Reached XP level 1. HP: 18/18 MP: 1/1
   309 | D:1      | Reached XP level 2. HP: 24/24 MP: 2/2
   753 | D:1      | Reached XP level 3. HP: 20/29 MP: 3/3
  1418 | D:2      | Reached skill level 1 in Dodging
  1716 | D:2      | HP: 1/30 [poisoned by an adder]
  2103 | D:2      | Found a bloodstained altar of Trog.
  2150 | D:2      | Reached skill level 4 in Polearms
  2150 | D:2      | Reached XP level 4. HP: 30/37 MP: 4/4
  3017 | D:3      | Reached XP level 5. HP: 40/42 MP: 5/5
  3330 | D:3      | Found a shattered altar of Ashenzari.
  3336 | D:3      | Became a worshipper of Ashenzari the Shackled
  4169 | D:4      | Noticed an ogre
  4179 | D:4      | Killed an ogre
  4179 | D:4      | Reached skill level 5 in Polearms
  4179 | D:4      | Reached XP level 6. HP: 49/49 MP: 6/6
  5126 | D:4      | Identified the ring of Gaeragam {rN+ MP+9}
  5144 | D:4      | Reached skill level 5 in Fighting
  5144 | D:4      | Reached skill level 6 in Polearms
  5144 | D:4      | Reached XP level 7. HP: 56/56 MP: 7/7
  5424 | D:4      | Reached skill level 5 in Shields
  5519 | D:5      | Entered Level 5 of the Dungeon
  5533 | D:5      | Reached skill level 5 in Dodging
  5772 | D:5      | Reached skill level 7 in Polearms
  5993 | D:5      | Reached XP level 8. HP: 51/63 MP: 8/8
  6259 | D:5      | Reached * piety under Ashenzari
  6398 | D:5      | Found a snail-covered altar of Cheibriados.
  6662 | D:5      | Reached skill level 8 in Polearms
  7335 | D:6      | Found a radiant altar of Vehumet.
  7599 | D:6      | Found a staircase to the Ecumenical Temple.
  7888 | D:6      | Noticed Edmund
  7893 | D:6      | Reached XP level 9. HP: 67/71 MP: 9/9
  7919 | D:6      | Killed Edmund
  7924 | D:6      | Reached skill level 9 in Polearms
  9301 | D:7      | Noticed Manman's ghost (novice MiBe)
  9744 | D:7      | Killed Manman's ghost
 10008 | D:7      | Found a shimmering altar of Xom.
 10009 | D:7      | Found a burning altar of Makhleb.
 10302 | D:7      | Reached skill level 10 in Polearms
 10629 | D:7      | Noticed a red ugly thing
 10645 | D:7      | Mangled by a red ugly thing

Vault maps used:
D:1:      minmay_arrival_floating_metal, minmay_misc_feat_encased
D:2:      cheibrodos_greedy_goblins, bloody_trog
D:3:      old_standard_altar
D:4:      cheibrodos_quashed, kennysheep_dice
D:5:      first_bread, minmay_strange_pillars, cheibriados_altar_wand_db
D:6:      basic_altar, uniq_edmund
D:7:      nicolae_overflow_hidden_temple, grunt_livestock

Skill      XL: |  1  2  3  4  5  6  7  8  9 |
---------------+----------------------------+-----
Dodging        | 1 2 3 4 5 6 8 |  8.2
Polearms       | 4 5 6 7 8 10 | 10.2
Fighting       | 4 5 6 7 |  7.6
Shields        | 4 5 6 7 |  7.3
Throwing       | |  0.4
Armour         | |  2.1

Action                   |  1- 3 |  4- 6 |  7- 9 || total
-------------------------+-------+-------+-------++-------
Melee: Trident           |   101 |   240 |   549 ||   890
Throw: Stone             |       |       |     4 ||     4
Invok: Curse Item        |       |     1 |       ||     1
  Use: Scroll            |       |       |     7 ||     7
 Stab: Sleeping          |       |     1 |     2 ||     3
  Eat: Chunk             |     4 |     9 |    18 ||    31
Armor: Robe              |     8 |    23 |    41 ||    72
Dodge: Dodged            |    46 |   144 |   305 ||   495
Block: Shield            |    30 |       |       ||    30
       Buckler           |    13 |    58 |   103 ||   174
